 Dungeon Crawl Stone Soup version 0.28.0-45-g0d030f2227 (webtiles) character file.

Game seed: 15519116948039872801

123 Peloso the Skirmisher (level 4, 0/41 HPs)
             Began as a Minotaur Fighter on Apr 3, 2022.
             Slain by a thrashing horror (7 damage)
             ... on level 1 of the Abyss.
             The game lasted 00:02:55 (1717 turns).

Peloso the Skirmisher (Minotaur Fighter)            Turns: 1717, Time: 00:02:56

Health: 0/41       AC: 16    Str: 21    XL:     4   Next: 79%
Magic:  3/3        EV:  6    Int:  5    God:
Gold:   72         SH:  4    Dex: 11    Spells: 3/3 levels left

rFire   . . .      SeeInvis .   a - +0 long sword
rCold   . . .      Faith    .   c - +0 buckler
rNeg    . . .      Spirit   .   o - +0 plate armour
rPois   .          Reflect  .   (helmet restricted)
rElec   .          Harm     .   (no cloak)
rCorr   .          Rampage  .   (no gloves)
Will    +....                   (no boots)
Stlth   ..........              (no amulet)
HPRegen 0.13/turn               g - +4 ring of protection
MPRegen 0.08/turn               f - ring of willpower

@: mighty
A: horns 2, retaliatory headbutt
a: no special abilities


You were on level 1 of the Abyss.
You visited 1 branch of the dungeon, and saw 3 of its levels.
You visited the Abyss 1 time.

You collected 72 gold pieces.

Inventory:

Hand Weapons
 a - a +0 long sword (weapon)
Armour
 b - a +0 scale mail
 c - a +0 buckler (worn)
 o - a +0 plate armour (worn)
Jewellery
 f - a ring of willpower (right hand)
 g - a +4 ring of protection (left hand)
 k - a ring of see invisible
Scrolls
 l - a scroll of fog {unknown}
 m - a scroll of identify
 n - a scroll of teleportation {unknown}
Potions
 e - 3 potions of flight
 h - a potion of resistance
 i - 2 potions of curing {unknown}
 j - a potion of attraction {unknown}


   Skills:
 + Level 4.5 Fighting
 + Level 3.8 Long Blades
 + Level 4.5 Armour
 + Level 1.2 Dodging
 + Level 4.1 Shields


You had 3 spell levels left.
You didn't know any spells.
Your spell library contained the following spells:

 Spells                   Type           Power      Damage    Failure   Level
 Ensorcelled Hibernation  Hex/Ice        0%         N/A       100%        2
 Passwall                 Tmut/Erth      0%         N/A       100%        2
 Swiftness                Air            0%         N/A       100%        3


Dungeon Overview and Level Annotations

Branches:
Dungeon (3/15)

Altars:
Elyvilon


Innate Abilities, Weirdness & Mutations

You have a pair of horns on your head.
You reflexively headbutt those who attack you in melee.


Message History

The thrashing horror tramples you but does no damage.
The thrashing horror barely misses you. The thrashing horror tramples you.
You stumble backwards!
The thrashing horror tramples you but does no damage. x2
The thrashing horror roars!
The thrashing horror tramples you!
You stumble backwards!
Unknown command.
The thrashing horror roars!
The thrashing horror barely misses you.
The thrashing horror tramples you but does no damage.
You barely miss the thrashing horror.
The thrashing horror is lightly damaged.
The thrashing horror tramples you but does no damage. x2
The thrashing horror tramples you.
You hold your ground!
The thrashing horror tramples you but does no damage.
The thrashing horror roars!
The thrashing horror tramples you.
* * * LOW HITPOINT WARNING * * *
You hold your ground!
The thrashing horror barely misses you.
The thrashing horror closely misses you.
You block the thrashing horror's attack.
You slash the thrashing horror!
The thrashing horror is moderately damaged.
The thrashing horror completely misses you.
The thrashing horror tramples you but does no damage.
You slice the thrashing horror!!
The thrashing horror is severely damaged.
The thrashing horror tramples you but does no damage. x2
You barely miss the thrashing horror.
The thrashing horror is severely damaged.
The thrashing horror tramples you.
* * * LOW HITPOINT WARNING * * *
You stumble backwards!
The thrashing horror tramples you.
* * * LOW HITPOINT WARNING * * *
You stumble backwards!
You closely miss the thrashing horror.
The thrashing horror is severely damaged.
The thrashing horror tramples you but does no damage.
The thrashing horror tramples you!
You die...

.# ... # . ##
....#....## # # #
#.##......# .# #
###.#....#..#. . .
.#.. #.#.#...#.. ..
.#.....#...#...# #
.# ... .#
##.#....###.## ...#
.#####.............
....#.#
#....X@....... ..
.#..# #.............
. .....##
#......##.....
∩....##.#.......#
....
.........#.........
... ## # .#
.....>....... ..
..#.#..........#..##
.
........#.....#....#
## #.###...###.##.


You could see a thrashing horror.

Vanquished Creatures
  Natasha (D:2)
  5 adders
  A worm (D:2)
  2 dart slugs (D:2)
  3 ball pythons
  4 bats
  4 endoplasms
  2 giant cockroaches
  5 hobgoblins
  7 jackals
  6 kobolds
  A quokka (D:1)
  2 frilled lizards
  2 rats
45 creatures vanquished.

Notes
Turn   | Place    | Note
-------+----------+-------------------------------------------
     0 | D:1      | Peloso the Minotaur Fighter began the quest for the Orb.
     0 | D:1      | Reached XP level 1. HP: 19/19 MP: 0/0
   101 | D:1      | Reached XP level 2. HP: 18/27 MP: 1/1
   599 | D:2      | Reached XP level 3. HP: 28/33 MP: 2/2
   703 | D:2      | Reached skill level 1 in Dodging
   830 | D:2      | Noticed Natasha
   836 | D:2      | Killed Natasha
   837 | D:2      | Reached XP level 4. HP: 39/40 MP: 3/3
   974 | D:2      | Found a white marble altar of Elyvilon.
  1666 | D:3      | Found a faded altar of an unknown god.
  1674 | D:3      | Cast into level 1 of the Abyss (goblin)
  1699 | Abyss:1  | Noticed a thrashing horror
  1717 | Abyss:1  | Slain by a thrashing horror

Illustrated notes

Levels and vault maps discovered:
D:1:      sevenhm_arrival_forest_fort_small_4, layout_basic, nrook_mini_vaults
D:2:      layout_loops_corners, basic_altar, uniq_natasha
D:3:      layout_loops_ring, mainiacjoe_overflow_big_doors,
          hellmonk_ecumenical_altar_run_dry, uniq_crazy_yiuf_cottage, uniq_ijyb,
          uniq_jessica
Abyss:1:  base: Temple, hangedman_abyss_or_decor_jellyfish_corner

Skill      XL: |  1  2  3 |
---------------+----------+-----
Fighting       | 4 |  4.5
Shields        | 4 |  4.1
Armour         | 4 |  4.5
Dodging        | 1 |  1.2
Long Blades    | 3 |  3.8

Action                   |  1- 3 |  4- 6 || total
-------------------------+-------+-------++-------
Melee: Long sword        |    60 |    41 ||   101
       Headbutt          |     7 |     9 ||    16
  Use: Scroll            |     2 |       ||     2
       Potion            |     1 |     1 ||     2
Armor: Scale mail        |    41 |    14 ||    55
       Plate armour      |       |    19 ||    19
Dodge: Dodged            |    36 |    27 ||    63
Block: Buckler           |    19 |     7 ||    26
